 Dungeon Crawl Stone Soup version 0.25-a0-479-g8579842 (webtiles) character file.

Game seed: 17877595158896017191, levelgen mode: deterministic

129 NeededCrab the Poker (level 5, 0/41 HPs)
             Began as a Merfolk Gladiator on Feb 9, 2020.
             Killed by nerve-wracking pain
             ... invoked by an orc priest
              (14 damage)
             ... on level 3 of the Dungeon.
             The game lasted 00:09:46 (2147 turns).

NeededCrab the Poker (Merfolk Gladiator)            Turns: 2147, Time: 00:09:46

Health: 0/41       AC:  7    Str: 16    XL:     5   Next: 12%
Magic:  5/5        EV: 13    Int:  7    God:
Gold:   145        SH:  4    Dex: 15    Spells: 4/4 levels left

rFire    . . .     SeeInvis .   a - +0 trident
rCold    . . .     Gourm    .   t - +0 buckler
rNeg     . . .     Faith    .   h - +0 ring mail
rPois    .         Spirit   .   c - +0 helmet
rElec    .         Reflect  .   (no cloak)
rCorr    .         Harm     .   j - +0 pair of gloves
MR       .....                  (no boots)
Stlth    +.........             (no amulet)
HPRegen  0.13/turn              (no ring)
MPRegen  0.09/turn              (no ring)

@: no status effects
A: change form in water, swift swim, stealthy swim
a: no special abilities


You were on level 3 of the Dungeon.
You were not hungry.

You visited 1 branch of the dungeon, and saw 3 of its levels.

You collected 145 gold pieces.

Inventory:

Hand Weapons
 a - a +0 trident (weapon)
Missiles
 d - 2 throwing nets (quivered)
Armour
 c - a +0 helmet (worn)
 h - a +0 ring mail (worn)
 j - a +0 pair of gloves (worn)
 t - a +0 buckler (worn)
Jewellery
 n - a +4 ring of dexterity {unknown}
Scrolls
 e - 3 scrolls of remove curse
 i - a scroll of noise {unknown}
 k - 3 scrolls of identify {unknown}
 l - a scroll of enchant armour {unknown}
 o - a scroll of fear
 p - a scroll of immolation {unknown}
 s - a scroll of magic mapping {unknown}
 u - a scroll of random uselessness {unknown}
 w - a scroll of teleportation {unknown}
Potions
 g - a potion of lignification {unknown}
 m - a potion of cancellation {unknown}
 q - a potion of curing {unknown}
 r - a potion of flight {unknown}
 v - a potion of brilliance {unknown}
Comestibles
 b - 11 chunks of flesh
 f - 4 rations


   Skills:
 - Level 3.0 Fighting
 * Level 6.5 Polearms
 - Level 2.0 Throwing
 + Level 5.1 Dodging
 + Level 1.0 Shields


You had 4 spell levels left.
You didn't know any spells.
Your spell library was empty.

Dungeon Overview and Level Annotations

Branches:
Dungeon (3/15)

Altars:
Wu Jian
The Shining One

Annotations:
D:2 exclusion: downstairs


Message History

The orc hits you from afar with a +0 trident.
The orc closely misses you. You block the orc's attack.
The orc priest mumbles some strange prayers to Beogh against you.
Pain shoots through your body!
You closely miss the orc priest.
The orc priest is severely wounded.
The orc misses you. The orc closely misses you. The orc barely misses you.
You block the orc priest's attack.
You barely miss the orc priest.
The orc priest is severely wounded.
The orc hits you from afar with a +0 trident.
The orc closely misses you. The orc hits you but does no damage.
The orc priest invokes the aid of Beogh against you.
Beogh smites you!
You hit the orc priest.
The orc priest is almost dead.
The orc closely misses you. x3
The orc priest invokes the aid of Beogh against you.
Pain shoots through your body!
You die...

........#...... .... ..
).......#......#...# .. .
........#......#...###..
#
........'...........$...
. #
........#..........$....
.. #
#########.........$.....
...#
............[...........
....
.................o......
....
................@o......
....
.................oo.....
....
....................o...
..##
...........รท.......)....
.
####.................#.#
# #....##.............. #
#######......#...##.#
##########.. .. .[


You could see an orc priest and 4 orcs.

Vanquished Creatures
  4 adders
  4 gnolls
  2 oozes (D:2)
  A worm (D:2)
  2 dart slugs
  A leopard gecko (D:1)
  2 orcs (D:3)
  2 giant cockroaches
  4 goblins
  3 hobgoblins
  4 jackals
  2 kobolds (D:1)
  A ball python (D:2)
  3 bats (D:1)
  A frilled lizard (D:2)
  3 rats
39 creatures vanquished.

Notes
Turn   | Place    | Note
-------+----------+-------------------------------------------
     0 | D:1      | NeededCrab the Merfolk Gladiator began the quest for the
                  | Orb.
     0 | D:1      | Reached XP level 1. HP: 16/16 MP: 1/1
    67 | D:1      | Reached XP level 2. HP: 22/23 MP: 2/2
   283 | D:1      | Reached skill level 5 in Polearms
   703 | D:2      | Reached XP level 3. HP: 28/28 MP: 3/3
   737 | D:1      | HP: 1/28 [gnoll/+0 flail (15)]
  1165 | D:2      | Reached XP level 4. HP: 32/35 MP: 4/4
  1225 | D:2      | Found a glowing golden altar of the Shining One.
  1366 | D:2      | Reached skill level 6 in Polearms
  1637 | D:2      | Reached skill level 5 in Dodging
  1721 | D:2      | Found an ornate altar of the Wu Jian Council.
  2048 | D:3      | Reached XP level 5. HP: 41/41 MP: 5/5
  2132 | D:3      | Reached skill level 1 in Shields
  2147 | D:3      | Killed from afar by an orc priest

Levels and vault maps discovered:
D:1:      minmay_arrival_jagged, layout_loops_ring, hangedman_decor_points,
          hex_tiny, minmay_tromino_v4_c
D:2:      layout_basic, lemuel_crystal_altar, nicolae_tso_carved_into_rock
D:3:      kennysheep_six_static_rooms, layout_basic,
          chequers_ecumenical_altar_simple_redux

Skill      XL: |  1  2  3  4  5 |
---------------+----------------+-----
Polearms       | 5 6 |  6.5
Fighting       | 3 |  3.0
Dodging        | 5 |  5.1
Shields        | 1 |  1.0
Throwing       | |  2.0

Action                   |  1- 3 |  4- 6 || total
-------------------------+-------+-------++-------
Melee: Trident           |    73 |    84 ||   157
Throw: Throwing net      |     2 |       ||     2
  Use: Scroll            |       |     2 ||     2
 Stab: Sleeping          |     1 |     2 ||     3
       Held in net/web   |     1 |       ||     1
  Eat: Chunk             |     1 |     3 ||     4
Armor: Leather armour    |    10 |     1 ||    11
       Ring mail         |       |    16 ||    16
Dodge: Dodged            |    40 |    43 ||    83
Block: Buckler           |       |     8 ||     8

Table legend:
 A = Non-vault XP
 B = Vault XP
 C = Vault XP percentage of total XP
 D = Non-vault monster count
 E = Vault monster count
 F = Vault count percentage of total count
                 A         B        C        D         E       F
            +---------+---------+-------+---------+---------+-------
      Total |     181 |       4 |   2.2 |      37 |       2 |   5.1
            +---------+---------+-------+---------+---------+-------
        D:1 |      35 |       4 |  10.3 |      11 |       2 |  15.4
        D:2 |     114 |       0 |   0.0 |      17 |       0 |   0.0
        D:3 |      32 |       0 |   0.0 |       9 |       0 |   0.0
            +---------+---------+-------+---------+---------+-------
